TOP OF THE 1ST |
Boston Red Sox batting - Pitching for Baltimore Orioles : RHP Gabriel Bonilla
|
Pitching: RHP Gabriel Bonilla
|
|
Batting: SHB Rafael Furcal
|
0-0: Ball 1-0: Foul Ball, location: 2F 1-1: Ground out 6-3 (Groundball, 6, EV 80.6 MPH)
|
Batting: LHB Freddie Bynum
|
0-0: Ball 1-0: Called Strike 1-1: Ball 2-1: Swinging Strike 2-2: Ground out 4-3 (Groundball, 34D, EV 95.6 MPH)
|
Batting: RHB John Roskos
|
0-0: Ball 1-0: Called Strike 1-1: Swinging Strike 1-2: Ball 2-2: Ground out 5-3 (Groundball, 56, EV 103.8 MPH)
|
Top of the 1st over - 0 runs, 0 hits, 0 errors, 0 left on base; Boston 0 - Baltimore 0 |
BOTTOM OF THE 1ST |
Baltimore Orioles batting - Pitching for Boston Red Sox : LHP Dan Serafini
|
Pitching: LHP Dan Serafini
|
|
Batting: SHB Brian Roberts
|
0-0: Fly out, F9 (Flyball, 89M, EV 88.1 MPH)
|
Batting: RHB Brian Seever
|
0-0: Ball 1-0: Ball 2-0: Called Strike 2-1: Fly out, F7 (Flyball, 7D, EV 75.6 MPH)
|
Batting: SHB Su-shun Kan
|
0-0: Ball 1-0: Foul Ball, location: 5F 1-1: Called Strike 1-2: Ball 2-2: Ball 3-2: Base on Balls
|
Batting: RHB Mario Valenzuela
|
0-0: Called Strike 0-1: Foul Ball, location: 9LMF 0-2: Ground out 5-3 (Groundball, 56S, EV 71.9 MPH)
|
Bottom of the 1st over - 0 runs, 0 hits, 0 errors, 1 left on base; Boston 0 - Baltimore 0 |
TOP OF THE 2ND |
Boston Red Sox batting - Pitching for Baltimore Orioles : RHP Gabriel Bonilla
|
Batting: SHB Orlando Hudson
|
0-0: Foul Ball, location: 2LF 0-1: Foul Ball, location: 7LMF 0-2: Strikes out swinging
|
Batting: RHB Migdônio Rangel
|
0-0: Ball 1-0: Called Strike 1-1: Fly out, F4 (Popup, 23, EV 87.5 MPH)
|
Batting: LHB Terrence Long
|
0-0: Fly out, F7 (Flyball, 7LM, EV 94.4 MPH)
|
Top of the 2nd over - 0 runs, 0 hits, 0 errors, 0 left on base; Boston 0 - Baltimore 0 |
BOTTOM OF THE 2ND |
Baltimore Orioles batting - Pitching for Boston Red Sox : LHP Dan Serafini
|
Batting: RHB David Bacani
|
0-0: Called Strike 0-1: Ball 1-1: Swinging Strike 1-2: Ball 2-2: Foul Ball, location: 3DF 2-2: Ground out 5-3 (Groundball, 56, EV 98.1 MPH)
|
Batting: LHB Nelson Rodriguez
|
0-0: Foul Ball, location: 2F 0-1: Ball 1-1: Foul Ball, location: 2F 1-2: Ground out U3 (Groundball, 3, EV 77.5 MPH)
|
Batting: RHB Martin Prado
|
0-0: SOLO HOME RUN (Flyball, 7D, EV 98.8 MPH), Distance : 365 ft
|
Batting: LHB Ricky Cazarez
|
0-0: Called Strike 0-1: Foul Ball, location: 25F 0-2: Ball 1-2: Foul Ball, location: 2F 1-2: Ball 2-2: Ground out 6-3 (Groundball, 56, EV 85.6 MPH)
|
Bottom of the 2nd over - 1 run, 1 hit, 0 errors, 0 left on base; Boston 0 - Baltimore 1 |
TOP OF THE 3RD |
Boston Red Sox batting - Pitching for Baltimore Orioles : RHP Gabriel Bonilla
|
Batting: RHB Matt Murton
|
0-0: Called Strike 0-1: Ball 1-1: Fly out, F3 (Popup, 3F, EV 66.3 MPH)
|
Batting: SHB Joe Borchard
|
0-0: Ball 1-0: Ground out 1-3 (Groundball, P, EV 70.0 MPH)
|
Batting: RHB Lou Collier
|
0-0: Called Strike 0-1: Ball 1-1: Foul Ball, location: 2F 1-2: Ball 2-2: SINGLE (Groundball, 56, EV 103.8 MPH)
|
Batting: SHB Rafael Furcal
|
0-0: Called Strike 0-1: Ground out 4-3 (Groundball, 34, EV 91.9 MPH)
|
Top of the 3rd over - 0 runs, 1 hit, 0 errors, 1 left on base; Boston 0 - Baltimore 1 |
BOTTOM OF THE 3RD |
Baltimore Orioles batting - Pitching for Boston Red Sox : LHP Dan Serafini
|
Batting: RHB Gabby Torres
|
0-0: Called Strike 0-1: Ball 1-1: Ball 2-1: Foul Ball, location: 7LDF 2-2: Ball 3-2: Strikes out looking
|
Batting: SHB Brian Roberts
|
0-0: Ball 1-0: Ball 2-0: Fly out, F8 (Line Drive, 8RS, EV 97.5 MPH)
|
Batting: RHB Brian Seever
|
0-0: Called Strike 0-1: Foul Ball, location: 2F 0-2: Ball 1-2: Ball 2-2: Ball 3-2: Base on Balls
|
Batting: SHB Su-shun Kan
|
0-0: SINGLE (Groundball, 4MS, EV 66.3 MPH) (infield hit) Brian Seever to second
|
Batting: RHB Mario Valenzuela
|
0-0: Ball 1-0: Ball 2-0: Called Strike 2-1: Ball 3-1: Base on Balls Brian Seever to third Su-shun Kan to second
|
Batting: RHB David Bacani
|
0-0: Ball 1-0: Called Strike 1-1: Called Strike 1-2: Ball 2-2: Fly out, F8 (Flyball, 8LD, EV 104.4 MPH)
|
Bottom of the 3rd over - 0 runs, 1 hit, 0 errors, 3 left on base; Boston 0 - Baltimore 1 |
TOP OF THE 4TH |
Boston Red Sox batting - Pitching for Baltimore Orioles : RHP Gabriel Bonilla
|
Batting: LHB Freddie Bynum
|
0-0: Ground out 4-3 (Groundball, 4, EV 90.6 MPH)
|
Batting: RHB John Roskos
|
0-0: Called Strike 0-1: Ball 1-1: DOUBLE (Line Drive, 7LD, EV 98.1 MPH)
|
Batting: SHB Orlando Hudson
|
0-0: Called Strike 0-1: Called Strike 0-2: Ball 1-2: SINGLE (Line Drive, 9S, EV 94.4 MPH) John Roskos to third
|
Batting: RHB Migdônio Rangel
|
0-0: Called Strike 0-1: Ball 1-1: SINGLE (Line Drive, 6D, EV 103.1 MPH) John Roskos scores Orlando Hudson to second
|
Batting: LHB Terrence Long
|
0-0: Ball 1-0: Ball 2-0: Grounds into double play, 6-4-3 (Groundball, 6, EV 86.3 MPH)
|
Top of the 4th over - 1 run, 3 hits, 0 errors, 1 left on base; Boston 1 - Baltimore 1 |
BOTTOM OF THE 4TH |
Baltimore Orioles batting - Pitching for Boston Red Sox : LHP Dan Serafini
|
Batting: LHB Nelson Rodriguez
|
0-0: Called Strike 0-1: Ball 1-1: Foul Ball, location: 5FF 1-2: Ball 2-2: Strikes out swinging, 2-3 out at first.
|
Batting: RHB Martin Prado
|
0-0: Ball 1-0: Foul Ball, location: 2F 1-1: Foul Ball, location: 2F 1-2: Fly out, F7 (Flyball, 7, EV 95.0 MPH)
|
Batting: LHB Ricky Cazarez
|
0-0: Called Strike 0-1: Ball 1-1: SINGLE (Line Drive, 4D, EV 101.9 MPH)
|
Batting: RHB Gabby Torres
|
0-0: Ball 1-0: Ball 2-0: Fly out, F8 (Line Drive, 8RM, EV 93.1 MPH)
|
Bottom of the 4th over - 0 runs, 1 hit, 0 errors, 1 left on base; Boston 1 - Baltimore 1 |
TOP OF THE 5TH |
Boston Red Sox batting - Pitching for Baltimore Orioles : RHP Gabriel Bonilla
|
Batting: RHB Matt Murton
|
0-0: Ball 1-0: Foul Ball, location: 9LSF 1-1: Foul Ball, location: 23F 1-2: Ball 2-2: Ball 3-2: Strikes out swinging
|
Batting: SHB Joe Borchard
|
0-0: Swinging Strike 0-1: Ball 1-1: Foul Ball, location: 7LMF 1-2: Foul Ball, location: 5FF 1-2: Ball 2-2: Ball 3-2: Foul Ball, location: 23F 3-2: Foul Ball, location: 7LMF 3-2: Foul Ball, location: 7LDF 3-2: Base on Balls
|
Batting: RHB Lou Collier
|
0-0: Ball 1-0: Fly out, F9 (Line Drive, 89M, EV 85.0 MPH)
|
Batting: SHB Rafael Furcal
|
0-0: Ball 1-0: Called Strike 1-1: Fielders Choice at 2nd, 6-4 (Groundball, 56, EV 84.4 MPH)
|
Top of the 5th over - 0 runs, 0 hits, 0 errors, 1 left on base; Boston 1 - Baltimore 1 |
BOTTOM OF THE 5TH |
Baltimore Orioles batting - Pitching for Boston Red Sox : LHP Dan Serafini
|
Batting: SHB Brian Roberts
|
0-0: Foul Ball, location: 2F 0-1: SINGLE (Groundball, 4, EV 88.8 MPH) (infield hit)
|
Batting: RHB Brian Seever
|
0-0: Bunted foul 0-1: Bunted foul 0-2: Foul Ball, location: 25FF 0-2: Fly out, F9 (Flyball, 9D, EV 111.3 MPH)
|
Batting: SHB Su-shun Kan
|
0-0: Ball 1-0: Foul Ball, location: 2F 1-1: Foul Ball, location: 23F 1-2: Grounds into double play, 5-4-3 (Groundball, 56, EV 106.9 MPH)
|
Bottom of the 5th over - 0 runs, 1 hit, 0 errors, 0 left on base; Boston 1 - Baltimore 1 |
TOP OF THE 6TH |
Boston Red Sox batting - Pitching for Baltimore Orioles : RHP Gabriel Bonilla
|
Batting: LHB Freddie Bynum
|
0-0: Ball 1-0: Ball 2-0: Ball 3-0: Called Strike 3-1: SINGLE (Flyball, 6MD, EV 94.4 MPH)
|
Batting: RHB John Roskos
|
0-0: Foul Ball, location: 5F 0-1: Ball 1-1: Ball 2-1: Ball 3-1: Base on Balls Freddie Bynum to second
|
Batting: SHB Orlando Hudson
|
0-0: Ball 1-0: Ball 2-0: Swinging Strike 2-1: Ball 3-1: Called Strike 3-2: Base on Balls Freddie Bynum to third John Roskos to second
|
Batting: RHB Migdônio Rangel
|
0-0: Foul Ball, location: 7LMF 0-1: Called Strike 0-2: Ball 1-2: Strikes out looking
|
Batting: LHB Terrence Long
|
0-0: Grounds into fielders choice 4-2 (Groundball, 4, EV 78.8 MPH) John Roskos to third Orlando Hudson to second
|
Batting: RHB Matt Murton
|
0-0: Called Strike 0-1: Ball 1-1: Foul Ball, location: 5F 1-2: Foul Ball, location: 23FF 1-2: Ball 2-2: SINGLE (Line Drive, 9S, EV 90.0 MPH) John Roskos scores Orlando Hudson to third Terrence Long to second Runner from 3rd tries for Home, SAFE, throw by RF to home
|
Batting: SHB Joe Borchard
|
0-0: 3-RUN HOME RUN (Flyball, 8RXD, EV 108.8 MPH), Distance : 415 ft
|
Pitching: RHP Tony Gallardo
|
|
Batting: RHB Lou Collier
|
0-0: Ball 1-0: Ball 2-0: Ball 3-0: Base on Balls
|
Batting: SHB Rafael Furcal
|
0-0: Called Strike 0-1: Fly out, F6 (Line Drive, 6D, EV 65.6 MPH)
|
Top of the 6th over - 5 runs, 3 hits, 0 errors, 1 left on base; Boston 6 - Baltimore 1 |
BOTTOM OF THE 6TH |
Baltimore Orioles batting - Pitching for Boston Red Sox : LHP Dan Serafini
|
Batting: RHB Mario Valenzuela
|
0-0: Ball 1-0: Fly out, F8 (Flyball, 8LM, EV 83.8 MPH)
|
Batting: RHB David Bacani
|
0-0: Foul Ball, location: 3F 0-1: Foul Ball, location: 7LMF 0-2: Foul Ball, location: 9LDF 0-2: DOUBLE (Flyball, 78XD, EV 98.8 MPH)
|
Batting: LHB Nelson Rodriguez
|
0-0: Called Strike David Bacani steals 3rd base (no throw) 0-1: Foul Ball, location: 3FF 0-2: DOUBLE (Line Drive, 7LD, EV 110.0 MPH) David Bacani scores
|
Batting: RHB Martin Prado
|
0-0: Called Strike 0-1: Ball 1-1: Ball 2-1: Swinging Strike 2-2: Ball 3-2: Strikes out swinging
|
Pitching: RHP Jamie Brewington
|
|
Batting: LHB Ricky Cazarez
|
0-0: Ball 1-0: DOUBLE (Flyball, 9LD, EV 102.5 MPH) Nelson Rodriguez scores
|
Batting: RHB Gabby Torres
|
0-0: Ball 1-0: Ball 2-0: Called Strike 2-1: Ball 3-1: Swinging Strike 3-2: Foul Ball, location: 25FF 3-2: Strikes out swinging
|
Bottom of the 6th over - 2 runs, 3 hits, 0 errors, 1 left on base; Boston 6 - Baltimore 3 |
TOP OF THE 7TH |
Boston Red Sox batting - Pitching for Baltimore Orioles : RHP Tony Gallardo
|
Batting: LHB Freddie Bynum
|
0-0: Ball 1-0: Called Strike 1-1: Ball 2-1: Swinging Strike 2-2: Strikes out swinging
|
Batting: RHB John Roskos
|
0-0: Ball 1-0: Called Strike 1-1: Called Strike 1-2: Foul Ball, location: 7LMF 1-2: Ball 2-2: Ball 3-2: Base on Balls
|
Batting: SHB Orlando Hudson
|
0-0: Called Strike 0-1: Ball 1-1: Called Strike 1-2: Strikes out looking
|
Batting: RHB Migdônio Rangel
|
0-0: Called Strike 0-1: SINGLE (Groundball, 34D, EV 106.9 MPH) John Roskos to second Runner from 2nd tries for 3rd, SAFE, throw by RF made at trailing runner, OUT! 9-6
|
Top of the 7th over - 0 runs, 1 hit, 0 errors, 1 left on base; Boston 6 - Baltimore 3 |
BOTTOM OF THE 7TH |
Baltimore Orioles batting - Pitching for Boston Red Sox : RHP Jamie Brewington
|
Batting: SHB Brian Roberts
|
0-0: Fly out, F4 (Popup, 4M, EV 76.3 MPH)
|
Batting: RHB Brian Seever
|
0-0: SINGLE (Groundball, 4MS, EV 65.0 MPH) (infield hit)
|
Batting: SHB Su-shun Kan
|
0-0: Called Strike 0-1: Ball 1-1: Ball 2-1: Fly out, F7 (Flyball, 7, EV 85.0 MPH)
|
Batting: RHB Mario Valenzuela
|
0-0: Called Strike Brian Seever steals 2nd base (no throw) 0-1: Ball 1-1: DOUBLE (Groundball, 5L, EV 103.1 MPH) Brian Seever scores
|
Batting: RHB David Bacani
|
0-0: Ball 1-0: Called Strike 1-1: Fly out, F7 (Flyball, 78S, EV 98.1 MPH)
|
Bottom of the 7th over - 1 run, 2 hits, 0 errors, 1 left on base; Boston 6 - Baltimore 4 |
TOP OF THE 8TH |
Boston Red Sox batting - Pitching for Baltimore Orioles : RHP Tony Gallardo
|
Pitching: RHP Mick Fieldbinder
|
|
Batting: LHB Terrence Long
|
0-0: Ball 1-0: Called Strike 1-1: Fly out, F5 (Popup, 5SF, EV 78.8 MPH)
|
Batting: RHB Matt Murton
|
0-0: Swinging Strike 0-1: Ball 1-1: Foul Ball, location: 2F 1-2: Ball 2-2: Strikes out swinging
|
Batting: SHB Joe Borchard
|
0-0: Ball 1-0: Called Strike 1-1: Swinging Strike 1-2: Strikes out swinging
|
Top of the 8th over - 0 runs, 0 hits, 0 errors, 0 left on base; Boston 6 - Baltimore 4 |
BOTTOM OF THE 8TH |
Baltimore Orioles batting - Pitching for Boston Red Sox : RHP Jamie Brewington
|
Batting: LHB Nelson Rodriguez
|
0-0: Ball 1-0: Fly out, F5 (Popup, 5S, EV 86.3 MPH)
|
Batting: RHB Martin Prado
|
0-0: Ball 1-0: Foul Ball, location: 2F 1-1: SINGLE (Groundball, 4MD, EV 94.4 MPH)
|
Batting: LHB Ricky Cazarez
|
0-0: Ball 1-0: Ball 2-0: Ball 3-0: Called Strike 3-1: Called Strike Pickoff Play to 1st, Runner tries for 2nd, SAFE after rundown. 3-2: Base on Balls
|
Batting: RHB Gabby Torres
|
0-0: Swinging Strike 0-1: Swinging Strike 0-2: Hit by Pitch Martin Prado to third Ricky Cazarez to second
|
Batting: SHB Brian Roberts
|
0-0: Fly out, F1 (Popup, 15, EV 83.1 MPH)
|
Pinch Hitting: LHB Todd Sears
|
0-0: Ball 1-0: Ball 2-0: Ball 3-0: Called Strike 3-1: Base on Balls Martin Prado scores Ricky Cazarez to third Gabby Torres to second
|
Pitching: RHP Nathan Mitchell
|
|
Batting: SHB Su-shun Kan
|
0-0: Ground out U3 (Groundball, 3, EV 101.3 MPH)
|
Bottom of the 8th over - 1 run, 1 hit, 0 errors, 3 left on base; Boston 6 - Baltimore 5 |
TOP OF THE 9TH |
Boston Red Sox batting - Pitching for Baltimore Orioles : RHP Mick Fieldbinder
|
Now at 1B: Todd Sears
|
|
Now in LF: Su-shun Kan
|
|
Pinch Hitting: LHB Danny Diaz
|
0-0: Ball 1-0: Called Strike 1-1: Foul Ball, location: 5DF 1-2: Ball 2-2: Foul Ball, location: 2RF 2-2: Fly out, F8 (Line Drive, 8LD, EV 95.0 MPH)
|
Batting: SHB Rafael Furcal
|
0-0: Ball 1-0: SOLO HOME RUN (Flyball, 9D, EV 95.6 MPH), Distance : 375 ft
|
Batting: LHB Freddie Bynum
|
0-0: Fly out, F3 (Line Drive, 3L, EV 73.1 MPH)
|
Batting: RHB John Roskos
|
0-0: Ball 1-0: Ground out U3 (Groundball, 3, EV 96.9 MPH)
|
Top of the 9th over - 1 run, 1 hit, 0 errors, 0 left on base; Boston 7 - Baltimore 5 |
BOTTOM OF THE 9TH |
Baltimore Orioles batting - Pitching for Boston Red Sox : RHP Nathan Mitchell
|
Pitching: RHP Shane Waroff
|
|
Now at 3B: Morgan Ensberg
|
|
Batting: RHB Mario Valenzuela
|
0-0: SOLO HOME RUN (Flyball, 89XD, EV 102.5 MPH), Distance : 381 ft
|
Batting: RHB David Bacani
|
0-0: Ball 1-0: Ball 2-0: Called Strike 2-1: Fly out, F9 (Line Drive, 9LS, EV 103.1 MPH)
|
Batting: LHB Nelson Rodriguez
|
0-0: Ball 1-0: Ball 2-0: Ball 3-0: Base on Balls
|
Batting: RHB Martin Prado
|
0-0: Foul Ball, location: 5DF 0-1: Foul Ball, location: 2F 0-2: Ball 1-2: Ball 2-2: SINGLE (Line Drive, 9S, EV 93.8 MPH) Nelson Rodriguez to second Runner from 2nd tries for 3rd, SAFE, throw by RF made to third
|
Batting: LHB Ricky Cazarez
|
0-0: Squeeze Bunt to 5S - play home, runner scores, batter safe! Nelson Rodriguez scores Martin Prado to second
|
Pitching: LHP Luiz Gilliard
|
|
Batting: RHB Gabby Torres
|
0-0: Ball 1-0: Called Strike 1-1: Called Strike 1-2: Ball 2-2: Ball 3-2: Strikes out swinging
|
Batting: SHB Brian Roberts
|
0-0: Ball 1-0: Ground out 3-1 (Groundball, 13, EV 90.0 MPH)
|
Bottom of the 9th over - 2 runs, 2 hits, 0 errors, 2 left on base; Boston 7 - Baltimore 7 |
TOP OF THE 10TH |
Boston Red Sox batting - Pitching for Baltimore Orioles : RHP Mick Fieldbinder
|
Pitching: RHP Gustavo Gomez
|
|
Batting: SHB Orlando Hudson
|
0-0: Foul Ball, location: 5F 0-1: Swinging Strike 0-2: Ball 1-2: Ball 2-2: SINGLE (Line Drive, 56D, EV 108.1 MPH)
|
Pinch Runner at 1st Alfredo Amezaga:
|
|
Batting: RHB Migdônio Rangel
|
0-0: Ball Alfredo Amezaga steals 2nd base 1-0: Ball 2-0: Called Strike 2-1: Foul Ball, location: 5F 2-2: Fly out, F9 (Flyball, 89M, EV 80.0 MPH) Runner from 2nd tags up, SAFE at 3rd with throw by RF
|
Batting: LHB Terrence Long
|
0-0: Foul Ball, location: 3FF 0-1: Swinging Strike 0-2: Strikes out swinging
|
Pinch Hitting: RHB Andruw Jones
|
0-0: Intentional Walk
|
Batting: SHB Joe Borchard
|
0-0: Called Strike Andruw Jones steals 2nd base (no throw) 0-1: Ball 1-1: Swinging Strike 1-2: Strikes out swinging
|
Top of the 10th over - 0 runs, 1 hit, 0 errors, 2 left on base; Boston 7 - Baltimore 7 |
BOTTOM OF THE 10TH |
Baltimore Orioles batting - Pitching for Boston Red Sox : LHP Luiz Gilliard
|
Now at 1B: Alfredo Amezaga
|
|
Now in LF: Joe Borchard
|
|
Now in CF: Andruw Jones
|
|
Batting: LHB Todd Sears
|
0-0: Fly out, F9 (Flyball, 9D, EV 101.9 MPH)
|
Batting: SHB Su-shun Kan
|
0-0: Fly out, F3 (Popup, 3F, EV 65.6 MPH)
|
Batting: RHB Mario Valenzuela
|
0-0: Ball 1-0: Foul Ball, location: 2F 1-1: Ball 2-1: Foul Ball, location: 2F 2-2: SINGLE (Groundball, P, EV 86.9 MPH) (infield hit)
|
Batting: RHB David Bacani
|
0-0: Ball 1-0: DOUBLE (Line Drive, 7LM, EV 105.6 MPH) Mario Valenzuela to third Runner from 3rd tries for Home, SAFE, no throw by LF
|
Bottom of the 10th over - 1 run, 2 hits, 0 errors, 1 left on base; Boston 7 - Baltimore 8 |
|